Unix NetHack Version 3.7.0-95 Work-in-progress - last build Jan 1 2024 20:51:50 (6a0ccc5fa2390e420dd2d488a2f9488d2ae3a63b,branch:master). Game began 2024-01-06 12:22:53, ended 2024-01-06 12:42:29. elenmirie, lawful female human Knight --------------- |.............| ----------- |.............| ----- |.......... |.............| |(..| |.........| |.............| |...|#####-..........# |.............| |.<%|# |.........|## -.--.---------- |...%# ----------- # ### # --.-- # # ##### # # #### #### #### #### # ---.- # #--|-- -.---- |...| # #-@u.| |....-## |....##### #%## |.M.| |....| # |...| # --------|----- |...| |.>..| ##### |(..| ##.............| |...| ------ ##|...| |............| |...| #----- |............| ----- ############.............| -------------- Elenmirie the Esquire St:15 Dx:9 Co:13 In:10 Wi:14 Ch:18 Lawful Dlvl:6 $:100 HP:0(42) Pw:34(34) AC:2 Xp:4/137 T:2846 Hungry Latest messages: You miss elenmirie the human mummy. Elenmirie the human mummy hits! Elenmirie the human mummy misses! Arod misses elenmirie the human mummy. Arod misses elenmirie the human mummy. You miss elenmirie the human mummy. Elenmirie the human mummy hits! Elenmirie the human mummy just misses! Arod misses elenmirie the human mummy. Arod misses elenmirie the human mummy. Arod misses elenmirie the human mummy. Arod misses elenmirie the human mummy. You miss elenmirie the human mummy. Elenmirie the human mummy misses! Elenmirie the human mummy hits! Arod misses elenmirie the human mummy. Arod misses elenmirie the human mummy. You miss elenmirie the human mummy. Elenmirie the human mummy hits! Elenmirie the human mummy misses! Arod misses elenmirie the human mummy. Arod misses elenmirie the human mummy. Arod misses elenmirie the human mummy. Arod misses elenmirie the human mummy. What do you want to drink? [kryAE or ?*] ? You feel better. Elenmirie the human mummy hits! Elenmirie the human mummy hits again! Arod misses elenmirie the human mummy. Arod misses elenmirie the human mummy. You miss elenmirie the human mummy. Elenmirie the human mummy hits! Elenmirie the human mummy hits again! Arod misses elenmirie the human mummy. Arod misses elenmirie the human mummy. Arod misses elenmirie the human mummy. Arod misses elenmirie the human mummy. Arod misses elenmirie the human mummy. Arod misses elenmirie the human mummy. Arod misses elenmirie the human mummy. Arod misses elenmirie the human mummy. You see here a ring mail. Elenmirie the human mummy hits! Elenmirie the human mummy hits again! You die... Do you want your possessions identified? [ynq] (y) y Do you want to see your attributes? [ynq] (y) y Do you want an account of creatures vanquished? [ynaq] (y) y Do you want to see your conduct and achievements? [ynq] (y) y Do you want to see the dungeon overview? [ynq] (y) y Inventory: Coins $ - 100 gold pieces Weapons a - an uncursed +1 long sword (weapon in right hand) b - an uncursed +1 lance (alternate weapon; not wielded) Armor d - a blessed +0 helmet (being worn) f - an uncursed +0 pair of leather gloves (being worn) e - an uncursed +0 small shield (being worn) H - an uncursed +0 mummy wrapping q - an uncursed +0 elven mithril-coat (being worn) Comestibles g - 11 uncursed apples h - 13 uncursed carrots j - an uncursed fortune cookie m - 2 uncursed lembas wafers Scrolls l - a blessed scroll of amnesia v - a cursed scroll of amnesia t - an uncursed scroll of confuse monster B - a blessed scroll of enchant armor F - a blessed scroll of magic mapping Spellbooks s - an uncursed spellbook of healing Potions E - an uncursed potion of confusion A - an uncursed potion of object detection y - 2 uncursed potions of speed k - an uncursed potion of water Rings w - a cursed ring of polymorph z - an uncursed ring of shock resistance Wands x - an uncursed wand of digging (0:7) G - an uncursed wand of teleportation (0:3) Tools p - an uncursed lock pick i - a cursed oil lamp Elenmirie the Knight's attributes: Background: You were an Esquire, a level 4 female human Knight. You were lawful, nominally on a mission for Lugh who was opposed by Brigit (neutral) and Manannan Mac Lir (chaotic). You were right-handed. You were in the Dungeons of Doom, on level 6. You entered the dungeon 2846 turns ago. You had 137 experience points, 23 more were needed to attain level 5. Basics: You had 0 out of 42 hit points. You had all 34 energy points (spell power). Your armor class was 2. Your wallet contained 100 zorkmids. Autopickup was on for '$' plus thrown. Final Characteristics: Your strength was 15 (limit:18/100). Your dexterity was 9 (limit:18). Your constitution was 13 (limit:18). Your intelligence was 10 (limit:18). Your wisdom was 14 (limit:18). Your charisma was 18 (limit:18). Final Status: You were hungry. You were unencumbered. You were wielding a long sword. You had basic skill with long sword. Final Attributes: You were piously aligned. You could jump. You were guarded. You are dead. Miscellaneous: You encountered 1 bones level. Total elapsed playing time was 19 minutes and 33 seconds. Major events: Turn 1: elenmirie the lawful female human Knight entered the dungeon 1013: attained the rank of Esquire (level 3) 1925: entered the Gnomish Mines 2846: killed by a human mummy of elenmirie Vanquished creatures: a gnome mummy a fog cloud a gray ooze a straw golem a little dog a homunculus a rothe 2 giant bats an acid blob a manes a giant rat a gnome zombie 2 geckos 6 jackals a fox 3 kobolds 2 goblins 2 sewer rats 6 grid bugs 4 lichens 3 newts 42 creatures vanquished. No species were genocided or became extinct. Voluntary challenges: You were an atheist. You read items or engraved 1 time. You never engraved Elbereth. You never genocided any monsters. You never polymorphed an object. You never changed form. You used no wishes. Achievements: You attained the rank of Esquire. You entered the Gnomish Mines. You entered a shop. The Dungeons of Doom: levels 1 to 7 Level 1: A fountain. Level 2: A fountain. Level 3: Level 4: Some graves. Stairs down to The Gnomish Mines. Level 5: Level 6: <- You were here. Final resting place for you, killed by a human mummy of elenmirie, elenmirie-Kni-Hum-Fem-Law, killed by a gnome mummy. Level 7: A fountain. The Gnomish Mines: Level 5: Game over: ---------- / \ / REST \ / IN \ / PEACE \ / \ | elenmirie | | 100 Au | | killed by a | | human mummy of | | elenmirie | | | | 2024 | *| * * * | * _________)/\\_//(\/(/\)/\//\/|_)_______ Fare thee well elenmirie the Knight... You died in The Dungeons of Doom on dungeon level 6 with 958 points, and 100 pieces of gold, after 2846 moves. You were level 4 with a maximum of 42 hit points when you died.